 Dungeon Crawl Stone Soup version 0.29-a0-322-g68df515428 (webtiles) character file.

Game seed: 7935002149850034264

2 Flugkiller the Sneak (level 1, 0/16 HPs)
             Began as an Octopode Delver on Apr 6, 2022.
             Slain by Dowan
             ... wielding a +0 dagger
              (3 damage)
             ... on level 5 of the Dungeon.
             The game lasted 00:00:16 (26 turns).

Flugkiller the Sneak (Octopode Delver)                Turns: 26, Time: 00:00:17

Health: 0/16       AC:  1    Str: 11    XL:     1   Next: 30%
Magic:  1/1        EV: 13    Int: 12    God:
Gold:   0          SH:  0    Dex: 13    Spells: 0/0 levels left

rFire   . . .      SeeInvis .   a - +0 short sword
rCold   . . .      Faith    .   (no shield)
rNeg    . . .      Spirit   .   (helmet restricted)
rPois   .          Reflect  .   (no amulet)
rElec   .          Harm     .   (no ring)
rCorr   .          Rampage  .   (no ring)
Will    .....                   (no ring)
Stlth   ++++......              (no ring)
HPRegen 0.05/turn               (no ring)
MPRegen 0.07/turn               (no ring)
                                (no ring)
                                (no ring)

@: marked, hasted, very quick
A: almost no armour, amphibious, 8 rings, camouflage 1, gelatinous body 1,
(nimble swimmer 1), tentacles
a: no special abilities


You were on level 5 of the Dungeon.
You visited 1 branch of the dungeon, and saw 1 of its levels.

Inventory:

Hand Weapons
 a - a +0 short sword (weapon)
Wands
 f - a wand of digging (3)
Scrolls
 b - a scroll of fog
 c - a scroll of magic mapping


   Skills:
 - Level 3.0 Fighting
 - Level 2.0 Short Blades
 + Level 2.2 Dodging
 - Level 6.6 Stealth


You couldn't memorise any spells.
You didn't know any spells.
Your spell library was empty.

Dungeon Overview and Level Annotations

Branches:
Dungeon (5/15)
 Temple: D:4-7

Altars:

Annotations:
D:5 Dowan, Duvessa


Innate Abilities, Weirdness & Mutations

You cannot wear most types of armour.
You are amphibious.
You can wear up to eight rings at the same time.
Your skin changes colour to match your surroundings (Stealth+).
Your rubbery body absorbs attacks. (AC +1, EV +1)
((You are camouflaged when in or above water. (Stealth+)))
You have tentacles for arms and can constrict up to eight enemies at once.


Message History

Welcome, Flugkiller the Octopode Delver.
The heart of this dungeon contains the marvelous artefact, the Orb of Zot.
Press ? for a list of commands and other information.
Found a hand axe.
Found a stone staircase leading down.
Found a stone staircase leading up.
A sourceless malevolence fills the Dungeon...
With a horrendous wail, an alarm goes off!
A sentinel's mark forms upon you.
You hear a shout! x6; You hear an angry hiss.
You hear a shout! x10
A scorpion comes into view.
Duvessa, Sister of Dowan comes into view.
She is wielding a +0 short sword.
An orc comes into view. It is wielding a +0 dagger.
A hound comes into view.
A water moccasin and 2 orcs come into view.
Okay, then.
The orc misses you.
The orc moves out of view. x2
You hit the orc. You grab the orc. You squeeze the orc.
You kill the orc!
As you read the scroll of fear, it crumbles to dust.
You assume a fearsome visage.
The hound looks frightened!
The scorpion looks frightened!
The water moccasin looks frightened!
Things that are here:
a +0 dagger; a +0 ring mail Dowan, Brother of Duvessa comes into view.
He is wielding a +0 dagger.
An ufetubus comes into view.
Dowan casts a spell at you. The puff of flame hits you!
Ouch! That really hurt!
You feel yourself speed up. Dowan gestures at you while chanting.
The puff of frost hits you.
* * * LOW HITPOINT WARNING * * *
The orc throws a stone.
The stone misses you.
A worm comes into view.
The worm barely misses you.
An orc comes into view.
It is wielding a +0 falchion and carrying a wand of paralysis (9).
An orc comes into view. It is wielding a +0 club.
Dowan hits you with a +0 dagger.
You die...

## ## ..# .# #.# .#
#.# .# # ## #.# .#.#
.. #.# #.#.#
...#o##.####w..####
.........5.@......o
.#..##)#.e#...####
#.#......#
#####o##.#...#
.oo.h.oe.e.....#
.≈§≈§≈..##.#.#.####..#
.≈###≈.....#.........#
#≈s#####.#.####.# #§S
#.#.#


You could see Duvessa, Dowan, a worm, 2 orcs and an ufetubus.

Vanquished Creatures
  An orc (D:5)
1 creature vanquished.

Notes
Turn   | Place    | Note
-------+----------+-------------------------------------------
     0 | D:5      | Flugkiller the Octopode Delver began the quest for the Orb.
     0 | D:5      | Reached XP level 1. HP: 16/16 MP: 1/1
    12 | D:5      | Noticed a scorpion
    14 | D:5      | Noticed Duvessa
    17 | D:5      | Noticed a hound
    18 | D:5      | Noticed a water moccasin
    22 | D:5      | Noticed Dowan
    26 | D:5      | Slain by Dowan

Illustrated notes

Levels and vault maps discovered:
D:5:      layout_basic, mainiacjoe_overflow_tiny_flanked, okawaru_gym_becter,
          kennysheep_boxes, uniq_duvessa

Action                   || total
-------------------------++-------
Melee: Short sword       ||     1
       Constrict         ||     1
       Tentacles         ||     1
  Use: Scroll            ||     1
       Potion            ||     1
Dodge: Dodged            ||     3

Table legend: (Time is in decaauts)
 A = Elapsed time spent in this place.
 B = Non-inter-level travel time spent in this place.
 C = Inter-level travel time spent in this place.
 D = Time resting spent in this place.
 E = Time spent auto-exploring this place.
 F = Levels seen in this place.
 G = Mean time per level.
                   A        B        C        D        E       F      G
               +--------+--------+--------+--------+--------+-----+--------+
         Total |     25 |     25 |      0 |      0 |      0 |   1 |   25.0 |
       Dungeon |     25 |     25 |      0 |      0 |      0 |   1 |   25.0 |
               +--------+--------+--------+--------+--------+-----+--------+

Top non-repeatable levels by time:
     D:5: 25 daAuts
